 Dungeon Crawl Stone Soup version 0.21-a0-251-g5e8393f (webtiles) character file.

3852 Unmastered the Grappler (level 9, -8/92 HPs)
             Began as a Troll Monk on Sept 5, 2017.
             Was a High Priest of Okawaru.
             Mangled by an eight-headed hydra (12 damage)
             ... on level 8 of the Dungeon.
             The game lasted 00:11:25 (6799 turns).

Unmastered the Grappler (Troll Monk)                Turns: 6799, Time: 00:11:26

Health: -8/92      AC:  5    Str: 24    XL:     9   Next: 99%
Magic:  10/11      EV: 12    Int:  6    God:    Okawaru [*****.]
Gold:   492        SH:  2    Dex: 12    Spells: 8/8 levels left

rFire    . . .     SeeInvis .     - Unarmed
rCold    . . .     Gourm    +   (no shield)
rNeg     . . .     Faith    .   a - +0 robe
rPois    +         Spirit   .   (helmet restricted)
rElec    .         Reflect  +   i - scarf {repulsion}
rCorr    .         Harm     .   (gloves unavailable)
MR       .....                  (boots unavailable)
Stlth    ++........             v - +2 amulet of reflection
HPRegen  0.65/turn              B - ring of poison resistance
MPRegen  0.12/turn              G - ring of flight

@: about to teleport, very slightly contaminated, invisible, repel missiles
A: unfitting armour, claws 3, fast metabolism 3, gourmand, regeneration 1,
shaggy fur 1, tough skin 2
a: Heroism, Finesse, Renounce Religion, Evoke Flight


You were on level 8 of the Dungeon.
You worshipped Okawaru.
Okawaru was extremely pleased with you.
You were not hungry.

You visited 1 branch of the dungeon, and saw 8 of its levels.

You collected 492 gold pieces.

Inventory:

Hand Weapons
 k - a +0 hunting sling
 A - a +1 dagger of flaming
Missiles
 d - 270 stones (quivered)
Armour
 a - a +0 robe (worn)
 i - a scarf of repulsion (worn)
Jewellery
 v - a +2 amulet of reflection (around neck)
 B - a ring of poison resistance (left claw)
 G - a ring of flight (right claw)
Wands
 u - a wand of polymorph (8/24)
 w - a wand of polymorph (10/24)
 z - a wand of lightning (7/15)
 C - a wand of lightning (7/15)
 D - a wand of digging (9/24)
Scrolls
 h - 4 scrolls of teleportation
 m - 2 scrolls of identify
 n - a scroll of amnesia {unknown}
 o - 2 scrolls of fog {unknown}
 q - 2 scrolls of magic mapping {unknown}
 r - 5 scrolls of remove curse
 t - 2 scrolls of enchant armour {unknown}
 x - a scroll of immolation {unknown}
 y - 2 scrolls of random uselessness {unknown}
 E - a scroll of enchant weapon {unknown}
 F - a scroll of torment {unknown}
Potions
 e - a potion of curing
 f - a potion of brilliance
 l - 3 potions of haste
 p - a potion of ambrosia
 H - a potion of lignification
Comestibles
 b - 7 bread rations
 c - 4 meat rations
 g - 12 fruits
 s - 6 royal jellies


   Skills:
 + Level 6.6 Fighting
 - Level 4.9 Dodging
 - Level 1.0 Stealth
 * Level 10.6 Unarmed Combat
 + Level 4.0 Invocations


You had 8 spell levels left.
You didn't know any spells.

Dungeon Overview and Level Annotations

Branches:
Dungeon (8/15)             Temple (0/1) D:4
   Lair: D:8-11

Altars:
Ashenzari
Elyvilon
Kikubaaqudgha
Makhleb
Okawaru
Qazlal
Ru
Sif Muna
Trog
Vehumet
Xom
Yredelemnul
Zin
The Shining One

Shops:
D:5 =   D:6 (


Innate Abilities, Weirdness & Mutations

You are too large for most types of armour.
You have claws for hands.
Your metabolism is lightning-fast.
You like to eat raw meat.
Your natural rate of healing is unusually fast.
You are covered in fur. (AC +1)
You have very tough skin. (AC +2)


Message History

* * * LOW HITPOINT WARNING * * *
Unknown command.
Unknown command.
You claw the ogre mage!
You kill the ogre mage!
Okawaru is honoured by your kill.
Your Invocations skill increases to level 4!
Unknown command.
As you read the scroll of teleportation, it crumbles to dust.
You feel strangely unstable.
The centaur wields a shortbow.
The centaur shoots an arrow.
The arrow barely misses the hound.
The arrow hits the eight-headed hydra!
The eight-headed hydra barely misses you.
The eight-headed hydra bites you!
* * * LOW HITPOINT WARNING * * *
The eight-headed hydra misses you.
The eight-headed hydra completely misses you. x2
The eight-headed hydra closely misses you. x2
The eight-headed hydra bites you!
You die...

#.8..$# ..... #.## ...K..
##..## #.K....
#.###....#######'.....$
#...........h..Kc.#
######.########h### #.# #.#
######## ##.########[######
.......####.....@Dh.c........
######......#################
########


You could see an eight-headed hydra, a centaur and a hound.

Vanquished Creatures
  An ogre mage (D:8)
  A spriggan (D:7)
  Sigmund (D:3)
  A hungry ghost (D:7)
  A water moccasin (D:7)
  An ice beast (D:8)
  2 sky beasts
  An orc warrior (D:7)
  A necrophage (D:7)
  2 ogres
  2 phantoms
  2 centaurs
  A bullfrog (D:6)
  4 scorpions
  A jelly (D:7)
  4 howler monkeys
  2 bullfrog zombies
  4 crimson imps
  A centaur skeleton (D:4)
  A centaur zombie (D:7)
  5 orc priests
  2 hounds
  A bullfrog skeleton (D:8)
  Natasha (thrice) (D:3 D:6)
  8 orc wizards
  2 worker ants (D:5)
  A killer bee zombie (D:8)
  A hound zombie (D:7)
  A worker ant zombie (D:6)
  A howler monkey skeleton (D:7)
  9 adders
  3 shadow imps
  An ooze (D:5)
  An adder skeleton (D:4)
  6 worms
  4 dart slugs
  2 leopard geckos (D:3)
  29 orcs
  A ball python (D:2)
  4 giant cockroaches
  12 goblins
  6 hobgoblins
  8 jackals
  2 quokkas
  9 bats
  6 frilled lizards
  A jackal skeleton (D:6)
  6 kobolds
  2 leopard gecko skeletons
  A quokka zombie (D:7)
  7 rats
179 creatures vanquished.

Vanquished Creatures (others)
  A centaur (D:7)
  A bullfrog (D:7)
  A worker ant (D:7)
3 creatures vanquished.

Grand Total: 182 creatures vanquished

Notes
Turn   | Place    | Note
-------+----------+-------------------------------------------
     0 | D:1      | Unmastered the Troll Monk began the quest for the Orb.
     0 | D:1      | Reached XP level 1. HP: 22/22 MP: 0/0
   401 | D:1      | Reached XP level 2. HP: 29/29 MP: 1/1
  1170 | D:1      | Reached XP level 3. HP: 36/36 MP: 2/2
  1208 | D:1      | Reached skill level 4 in Unarmed Combat
  1280 | D:2      | Found a glowing silver altar of Zin.
  1620 | D:2      | Reached XP level 4. HP: 40/45 MP: 3/3
  1662 | D:2      | Found a radiant altar of Vehumet.
  1847 | D:2      | Found an iron altar of Okawaru.
  1962 | D:2      | Became a worshipper of Warmaster Okawaru
  1962 | D:2      | Reached * piety under Okawaru
  1962 | D:2      | Reached ** piety under Okawaru
  2224 | D:3      | Noticed Natasha
  2241 | D:3      | Killed Natasha
  2258 | D:3      | Noticed Sigmund
  2265 | D:3      | Killed Sigmund
  2265 | D:3      | Reached skill level 5 in Unarmed Combat
  2265 | D:3      | Reached XP level 5. HP: 46/53 MP: 4/4
  2265 | D:3      | Reached XP level 6. HP: 53/61 MP: 5/5
  2315 | D:3      | Noticed Natasha
  2321 | D:3      | Killed Natasha
  2411 | D:3      | Found a bloodstained altar of Trog.
  2412 | D:3      | Found a sacrificial altar of Ru.
  2452 | D:3      | Found a burning altar of Makhleb.
  2572 | D:3      | Found a bloodstained altar of Trog.
  2773 | D:3      | Found a glowing golden altar of the Shining One.
  2775 | D:3      | Noticed an angel
  2864 | D:3      | Found a basalt altar of Yredelemnul.
  2954 | D:4      | Reached *** piety under Okawaru
  3142 | D:4      | Reached skill level 6 in Unarmed Combat
  3188 | D:4      | Found a staircase to the Ecumenical Temple.
  3212 | D:4      | Reached XP level 7. HP: 70/70 MP: 6/6
  3508 | D:5      | Entered Level 5 of the Dungeon
  3757 | D:5      | Reached **** piety under Okawaru
  4140 | D:5      | Reached skill level 7 in Unarmed Combat
  4229 | D:5      | Reached XP level 8. HP: 69/79 MP: 7/7
  4339 | D:5      | Found Rycenluxt's Jewellery Emporium.
  4527 | D:6      | Found a white marble altar of Elyvilon.
  4538 | D:6      | Noticed Natasha
  4542 | D:6      | Killed Natasha
  4609 | D:6      | Found Hazutokk's Weapon Shop.
  4689 | D:6      | Reached skill level 5 in Fighting
  4703 | D:6      | Reached skill level 8 in Unarmed Combat
  4746 | D:6      | Found a shattered altar of Ashenzari.
  5590 | D:7      | Reached ***** piety under Okawaru
  5590 | D:7      | Reached skill level 1 in Invocations
  5862 | D:7      | Reached skill level 9 in Unarmed Combat
  5862 | D:7      | Reached XP level 9. HP: 88/88 MP: 9/9
  5972 | D:7      | Found a shimmering altar of Xom.
  6254 | D:7      | Found a deep blue altar of Sif Muna.
  6486 | D:8      | Found a stormy altar of Qazlal.
  6592 | D:8      | Reached skill level 10 in Unarmed Combat
  6767 | D:8      | Noticed an ogre mage
  6769 | D:8      | Found an ancient bone altar of Kikubaaqudgha.
  6769 | D:8      | Noticed an eight-headed hydra
  6790 | D:8      | HP: 4/89 [ogre mage/bolt of lightning (49)]
  6794 | D:8      | Killed an ogre mage
  6799 | D:8      | HP: 4/92 [eight-headed hydra (13)]
  6799 | D:8      | Mangled by an eight-headed hydra

Vault maps used:
D:1:      lightli_arrival_chessboard, st_stairs_6
D:2:      marbit_many_paths, lemuel_crystal_altar,
          nicolae_overflow_hidden_temple
D:3:      grunt_temple_overflow_holy_war, old_standard_altar,
          grunt_temple_overflow_open, trog_butcher_becter, uniq_natasha,
          uniq_sigmund
D:4:      temple_green, first_bread, grunt_ministairs_5, lemuel_another_geyser
D:5:      serial_shops, shop
D:6:      cheibrodos_ashenzari_chains, elyvilon_altar_4, serial_shops,
          nicolae_shop_trees, grunt_decor_one_mirror
D:7:      xom_confusion_cloud, the_bakery, grunt_decor_clamped,
          lemuel_blue_sif_altar
D:8:      nicolae_qazlal_general_emergency, jmf_multi_god_temple

Skill      XL: |  1  2  3  4  5  6  7  8  9 |
---------------+----------------------------+-----
Unarmed Combat | 4 5 6 7 9 10 | 10.6
Fighting       | 3 4 5 6 |  6.6
Dodging        | 3 4 |  4.9
Invocations    | 1 4 |  4.0
Stealth        | |  1.0

Action                   |  1- 3 |  4- 6 |  7- 9 || total
-------------------------+-------+-------+-------++-------
Melee: Unarmed           |    71 |   123 |   293 ||   487
       Punch             |     1 |     2 |    11 ||    14
Throw: Stone             |    13 |     1 |       ||    14
Invok: Heroism           |       |       |     1 ||     1
  Use: Scroll            |       |       |    10 ||    10
       Potion            |       |       |     2 ||     2
 Stab: Sleeping          |     3 |     6 |     2 ||    11
       Distracted        |       |       |     1 ||     1
  Eat: Chunk             |    20 |    15 |    24 ||    59
       Bread ration      |       |       |     1 ||     1
Armor: Robe              |    26 |    38 |    61 ||   125
Dodge: Dodged            |    40 |    58 |   148 ||   246
       Deflected         |       |     5 |       ||     5
Block: Other             |       |       |    14 ||    14
       Reflection        |       |       |     1 ||     1

Table legend:
 A = Spawn XP
 B = Non-spawn XP
 C = Spawn XP percentage of total XP
 D = Spawn monster count
 E = Non-spawn monster count
 F = Spawn count percentage of total count
 G = Total turns spent on level
                    A         B        C        D         E        F      G
               +---------+---------+-------+---------+---------+-------+---------
         Total |     558 |    4945 |  10.1 |      18 |     161 |  10.1 |  6799
               +---------+---------+-------+---------+---------+-------+---------
           D:1 |       3 |      40 |   7.0 |       2 |      21 |   8.7 |  1257
           D:2 |       4 |      74 |   5.1 |       2 |      18 |  10.0 |   874
           D:3 |       2 |     359 |   0.6 |       2 |      27 |   6.9 |   806
           D:4 |      44 |     326 |  11.9 |       2 |      21 |   8.7 |   571
           D:5 |     116 |     614 |  15.9 |       2 |      19 |   9.5 |   967
           D:6 |       0 |     743 |   0.0 |       0 |      20 |   0.0 |  1011
           D:7 |     389 |    1048 |  27.1 |       8 |      19 |  29.6 |   944
           D:8 |       0 |    1741 |   0.0 |       0 |      16 |   0.0 |   369
               +---------+---------+-------+---------+---------+-------+---------
